 Dungeon Crawl Stone Soup version 0.31.0-11-ge490571c62 (webtiles) character file.

Game seed: 849922341848289698

487 TyroneBologna the Covered (level 6, 0/56 HPs)
             Began as a Minotaur Fighter on Jan 31, 2024.
             Was an Initiate of Qazlal.
             Incinerated by a bombardier beetle (2 damage)
             ... with a burning spray
             ... on level 5 of the Dungeon.
             The game lasted 00:28:13 (1819 turns).

TyroneBologna the Covered (Minotaur Fighter)        Turns: 1819, Time: 00:28:14

Health: 0/56       AC:  9    Str: 22    XL:     6   Next: 89%
Magic:  5/5        EV:  8    Int:  5    God:    Qazlal [......]
Gold:   197        SH:  5    Dex: 10    Spells: 5/5 levels left

rFire   . . .        k - +2 hand axe (elec)
rCold   + . .        c - +0 buckler
rNeg    . . .        v - +0 chain mail
rPois   .            (helmet restricted)
rElec   .            (no cloak)
rCorr   .            (no gloves)
SInv    .            (no boots)
Will    .....        g - amulet of regeneration Stlth
                     n - ring of protection from cold
HPRegen 1.09/turn    (no ring)
MPRegen 0.09/turn

%: no passive effects
@: on fire, glowing
A: horns 2, retaliatory headbutt
a: Renounce Religion


You were on level 5 of the Dungeon.
You worshipped Qazlal.
Qazlal was noncommittal.
You visited 1 branch of the dungeon, and saw 5 of its levels.

You collected 197 gold pieces.

Inventory:

Hand Weapons
 a - a +0 trident
 h - a +0 dagger
 k - a +2 hand axe of electrocution (weapon)
 o - a +0 hand axe
 q - the +3 dagger of Heerhak {holy, +Blink rF+ Int+3}
   (You found it on level 2 of the Dungeon)

   Int+3:     It affects your intelligence (+3).
   rF+:       It protects you from fire.
   +Blink:    It lets you blink.
Missiles
 s - a throwing net (quivered)
 u - 3 poisoned darts
Armour
 b - a +0 scale mail
 c - a +0 buckler (worn)
 d - a +0 scale mail
 r - a +0 ring mail
 v - a +0 chain mail (worn)
Magical Staves
 f - a staff of alchemy
Jewellery
 g - an amulet of regeneration (around neck)
 j - an amulet of regeneration
 n - a ring of protection from cold (left hand)
 p - an amulet of guardian spirit
Scrolls
 e - a scroll of fear {unknown}
 t - 4 scrolls of identify {unknown}
 w - a scroll of revelation {unknown}
 x - 2 scrolls of enchant weapon {unknown}
 y - 3 scrolls of teleportation {unknown}
 z - a scroll of silence {unknown}
 A - a scroll of torment {unknown}
 B - a scroll of immolation {unknown}
Potions
 i - 3 potions of magic {unknown}
 l - a potion of brilliance {unknown}
 m - a potion of invisibility {unknown}


   Skills:
 + Level 5.3 Fighting
 + Level 1.7(3.7) Axes
 + Level 5.2(5.3) Polearms
 + Level 5.3 Armour
 + Level 1.3 Dodging
 + Level 5.2 Shields


You had 5 spell levels left.
You didn't know any spells.
Your spell library contained the following spells:

 Spells                   Type           Power      Damage    Failure   Level
 Call Imp                 Summ           0%         N/A       99%         2
 Sublimation of Blood     Necr           0%         N/A       99%         2
 Summon Hydra             Summ           0%         N/A       100%        7


Dungeon Overview and Level Annotations

Branches:
Dungeon (5/15)
 Temple: D:4-7

Altars:
Qazlal


Innate Abilities, Weirdness & Mutations

You have a pair of horns on your head.
You reflexively headbutt those who attack you in melee.


Message History

The bombardier beetle sprays incendiary fluid at you.
The burning spray hits you.
You are even more covered in liquid fire!
You barely miss the bombardier beetle.
Your headbutt misses the bombardier beetle.
The bombardier beetle is almost dead.
The liquid fire burns you!
You hit the bombardier beetle but do no damage.
The bombardier beetle is almost dead.
The liquid fire burns you!
The bombardier beetle sprays incendiary fluid at you.
The burning spray hits you.
You are even more covered in liquid fire!
You hit the bombardier beetle.
You kill the bombardier beetle!
Qazlal accepts your kill. The liquid fire burns you!
You shake off some of the fire as you move.
The liquid fire burns you!
* * * LOW HITPOINT WARNING * * *
You shake off some of the fire as you move.
The liquid fire burns you!
* * * LOW HITPOINT WARNING * * *
You shake off some of the fire as you move.
The liquid fire burns you!
* * * LOW HITPOINT WARNING * * *
You shake off some of the fire as you move.
The liquid fire burns you!
* * * LOW HITPOINT WARNING * * *
You shake off some of the fire as you move.
The liquid fire burns you!
* * * LOW HITPOINT WARNING * * *
Annotate which branch? (. - D:5, ? - help, ! - show branch list)
Okay, then.
You shake off some of the fire as you move.
The liquid fire burns you!
* * * LOW HITPOINT WARNING * * *
You shake off some of the fire as you move.
The liquid fire burns you!
You die...

.................#
......##########.#
#####.# #.# #.#
#.# #†# #.# #.#
#.# #.# #.# #.#
#.# #.# #@#
###.####### #..#
..#.......# #.##
#.#######.# #. #.#
#.# #. #.# #)# #.
###.#######(# #.
............# #.
###.#########


There were no monsters in sight!

Vanquished Creatures
  Eustachio (D:5)
  An ogre (D:4)
  3 bombardier beetles
  A hound (D:5)
  Terence (D:2)
  An orc wizard (D:4)
  4 adders
  3 dart slugs
  9 orcs
  4 ball pythons
  3 endoplasms
  A giant cockroach (D:1)
  2 goblins
  5 hobgoblins
  2 jackals (D:2)
  2 kobolds
  A quokka (D:2)
  5 bats
  A frilled lizard (D:2)
  6 rats
56 creatures vanquished.

Notes
Turn   | Place    | Note
-------+----------+-------------------------------------------
     0 | D:1      | TyroneBologna the Minotaur Fighter began the quest for the
                  | Orb.
     0 | D:1      | Reached XP level 1. HP: 19/19 MP: 0/0
   282 | D:2      | Reached XP level 2. HP: 27/27 MP: 1/1
   322 | D:2      | Noticed Terence
   335 | D:2      | Killed Terence
   336 | D:2      | Reached XP level 3. HP: 26/34 MP: 2/2
   400 | D:2      | Identified the +3 dagger of Heerhak {holy, +Blink rF+
                  | Int+3}
   739 | D:3      | Reached XP level 4. HP: 41/41 MP: 3/3
  1079 | D:3      | Found a stormy altar of Qazlal.
  1087 | D:3      | Became a worshipper of Qazlal Stormbringer
  1439 | D:4      | Reached XP level 5. HP: 47/47 MP: 4/4
  1440 | D:4      | Noticed an ogre
  1451 | D:4      | Killed an ogre
  1458 | D:4      | Reached skill level 5 in Shields
  1497 | D:4      | Reached skill level 5 in Fighting
  1497 | D:4      | Reached XP level 6. HP: 24/56 MP: 5/5
  1577 | D:5      | Entered Level 5 of the Dungeon
  1658 | D:5      | Reached skill level 5 in Polearms
  1715 | D:5      | Noticed Eustachio
  1731 | D:5      | Killed Eustachio
  1732 | D:5      | Reached skill level 1 in Axes
  1732 | D:5      | Reached skill level 5 in Armour
  1732 | D:5      | Reached skill level 1 in Dodging
  1818 | D:5      | HP: 1/56 [burnt (5)]
  1819 | D:5      | Incinerated by a bombardier beetle

Illustrated notes

Levels and vault maps discovered:
D:1:      co_arrival_square_in_a_square_in_a_square, layout_loops_ring,
          hellmonk_ecumenical_altar_run_dry
D:2:      layout_basic, nicolae_elevator_lobby_asterisk, uniq_terence
D:3:      layout_loops_ring, nicolae_qazlal_eye_of_the_storm, chequers_arboretum
D:4:      layout_cave_pools, fedhas_altar_3, uniq_grinder
D:5:      layout_loops_ring, wad_floor_pattern_untrapped, uniq_eustachio,
          uniq_menkaure

Skill      XL: |  1  2  3  4  5  6 |
---------------+-------------------+-----
Fighting       | 4 5 |  5.3
Shields        | 4 5 |  5.2
Armour         | 4 5 |  5.3
Polearms       | 3 4 5 |  5.2
Axes           | 1 |  1.7
Dodging        | 1 |  1.3

Action                     |  1- 3 |  4- 6 || total
---------------------------+-------+-------++-------
  Melee: Trident           |    88 |    78 ||   166
         Headbutt          |    11 |    15 ||    26
         Hand axe          |       |    39 ||    39
    Use: Potion            |     1 |     2 ||     3
 Armour: Scale mail        |    47 |       ||    47
         Chain mail        |       |   129 ||   129
  Dodge: Dodged            |    36 |    50 ||    86
  Block: Buckler           |    16 |    23 ||    39
